 Dungeon Crawl Stone Soup version 0.22-a0-866-geee5034 (console) character file.

439 removed the Stinger (level 6, 0/35 HPs)
             Began as a Deep Elf Wanderer on July 28, 2018.
             Slain by a centaur
             ... wielding a +0 quarterstaff
              (15 damage)
             ... on level 5 of the Dungeon.
             The game lasted 00:16:27 (6989 turns).

removed the Stinger (Deep Elf Wanderer)             Turns: 6989, Time: 00:16:28

Health: 0/35       AC:  3    Str:  8    XL:     6   Next: 70%
Magic:  10/10      EV: 15    Int: 16    God:
Gold:   295        SH:  0    Dex: 18    Spells: 8/8 levels left

rFire    . . .     SeeInvis .   c - +0 trident
rCold    + . .     Gourm    +   (no shield)
rNeg     . . .     Faith    .   e - +0 robe
rPois    .         Spirit   .   (no helmet)
rElec    .         Reflect  .   A - +0 cloak
rCorr    .         Harm     .   (no gloves)
MR       .....                  (no boots)
Stlth    ++........             J - amulet of the gourmand (curse)
HPRegen  0.11/turn              k - ring of protection from cold
MPRegen  0.12/turn              (no ring)

@: no status effects
A: no striking features
a: no special abilities


You were on level 5 of the Dungeon.
You were not hungry.

You visited 1 branch of the dungeon, and saw 5 of its levels.

You collected 295 gold pieces.

Inventory:

Hand Weapons
 a - a +2 spear
 b - a +0 blowgun
 c - a +0 trident (weapon)
 g - a +0 falchion
 x - a +0 halberd of chopping
 D - a cursed +0 broad axe
Missiles
 i - 4 steel javelins (quivered)
 I - 10 poisoned needles
Armour
 e - a +0 robe (worn)
 m - a +0 buckler
 A - a +0 cloak (worn)
Jewellery
 k - a ring of protection from cold (left hand)
 J - a cursed amulet of the gourmand (around neck)
Scrolls
 d - 2 scrolls of amnesia {unknown}
 j - 2 scrolls of fear {unknown}
 l - 5 scrolls of remove curse
 n - 3 scrolls of enchant weapon
 o - 3 scrolls of teleportation
 q - 2 scrolls of random uselessness {unknown}
 s - 3 scrolls of blinking {unknown}
 u - a scroll of enchant armour {unknown}
 G - a scroll of identify
Potions
 h - a potion of curing
 t - a potion of flight
 v - 2 potions of brilliance
 F - a potion of mutation {unknown}
Comestibles
 f - 8 rations


   Skills:
 + Level 2.3 Fighting
 - Level 4.0 Polearms
 - Level 1.0 Throwing
 - Level 4.2 Dodging
 - Level 1.2 Stealth
 - Level 1.5 Spellcasting
   Level 4.3 Poison Magic
   Level 1.1 Evocations


You had 8 spell levels left.
You didn't know any spells.
Your spell library was empty.

Dungeon Overview and Level Annotations

Branches:
Dungeon (5/15)
 Temple: D:4-7

Altars:
Zin

Annotations:
D:3 1 runed door, lurker's ghost, amateur DrFE
D:4 exclusion: ogre, Grinder


Message History

The centaur is severely wounded.
The centaur hits you with an uncursed quarterstaff!
* * * LOW HITPOINT WARNING * * *
You feel much better. The centaur closely misses you.
The centaur completely misses you.
You barely miss the centaur.
The centaur is severely wounded.
The centaur closely misses you.
You hit the centaur.
The centaur is severely wounded.
The centaur hits you with an uncursed quarterstaff!
The centaur barely misses you.
You hit the centaur but do no damage.
The centaur is severely wounded.
The centaur hits you with an uncursed quarterstaff.
You hit the centaur.
The centaur is almost dead.
The centaur barely misses you.
The centaur hits you with an uncursed quarterstaff!
You die...

##### #.#........
#...####.###...##.
#..........#...#..
#..........#...#.#
#..........#...'.# ..
###........#...###
... #........###....
...#########........#
####.
.........c@(.......##
#<
...>.....###......#
#. #.##......#
'......# #.
#.........#.#......#
#.
#......<..#.###'#+##
#. #.###.....# .# #.
####### .# #. .# #.
#.


You could see a centaur.

Vanquished Creatures
  A scorpion (D:4)
  A hound (D:4)
  An iguana (D:4)
  2 orc wizards
  2 worker ants
  8 gnolls
  3 adders
  An ooze (D:4)
  2 adder skeletons (D:4)
  4 worms
  5 dart slugs
  5 leopard geckos
  12 orcs
  6 bats
  2 giant cockroaches
  7 hobgoblins
  6 jackals
  2 quokkas
  A ball python (D:5)
  5 frilled lizards
  6 goblins
  A jackal zombie (D:5)
  5 kobolds
  A leopard gecko skeleton (D:4)
  9 rats
98 creatures vanquished.

Notes
Turn   | Place    | Note
-------+----------+-------------------------------------------
     0 | D:1      | removed the Deep Elf Wanderer began the quest for the Orb.
     0 | D:1      | removed set off with: a +2 spear, a +0 falchion, 15 poisoned needles, a +0 blowgun, a +0 robe, a ration
     0 | D:1      | Reached XP level 1. HP: 12/12 MP: 5/5
   262 | D:1      | Reached skill level 1 in Polearms
   417 | D:1      | Reached XP level 2. HP: 15/16 MP: 6/6
  1257 | D:2      | Reached XP level 3. HP: 20/20 MP: 7/7
  1313 | D:2      | Reached skill level 1 in Dodging
  1615 | D:2      | Found a glowing silver altar of Zin.
  1828 | D:2      | Reached XP level 4. HP: 25/25 MP: 8/8
  3331 | D:3      | Reached XP level 5. HP: 26/29 MP: 9/9
  3338 | D:3      | Found a runed door.
  3345 | D:3      | Noticed lurker's ghost (amateur DrFE)
  4581 | D:4      | Reached XP level 6. HP: 34/34 MP: 10/10
  4638 | D:4      | Noticed Grinder
  5907 | D:5      | Entered Level 5 of the Dungeon
  6984 | D:5      | HP: 1/35 [centaur/uncursed quarterstaff (9)]
  6989 | D:5      | Slain by a centaur

Vault maps used:
D:1:      dpeg_arrival_pits
D:2:      zin_statuary
D:3:      ebering_ghost_reflecting_pool, corexii_shack
D:4:      first_ration, corexii_leaking_fountain, uniq_grinder

Skill      XL: |  1  2  3  4  5  6 |
---------------+-------------------+-----
Polearms       | 1 2 3 4 |  4.0
Dodging        | 2 4 |  4.2
Fighting       | 2 |  2.3
Throwing       | |  1.0
Stealth        | |  1.2
Spellcasting   | |  1.5
Poison Magic   | |  4.3
Evocations     | |  1.1

Action                   |  1- 3 |  4- 6 || total
-------------------------+-------+-------++-------
Melee: Spear             |    72 |   235 ||   307
       Trident           |       |    17 ||    17
 Fire: Blowgun           |    40 |    68 ||   108
Throw: Javelin           |       |     5 ||     5
  Use: Scroll            |       |     7 ||     7
       Potion            |       |     4 ||     4
 Stab: Sleeping          |     4 |     4 ||     8
       Distracted        |       |     2 ||     2
  Eat: Chunk             |     3 |    16 ||    19
Armor: Robe              |    14 |    15 ||    29
Dodge: Dodged            |    32 |   152 ||   184

Table legend:
 A = Spawn XP
 B = Non-spawn XP
 C = Spawn XP percentage of total XP
 D = Spawn monster count
 E = Non-spawn monster count
 F = Spawn count percentage of total count
 G = Total turns spent on level
                    A         B        C        D         E        F      G
               +---------+---------+-------+---------+---------+-------+---------
         Total |       0 |     628 |   0.0 |       0 |      98 |   0.0 |  6989
               +---------+---------+-------+---------+---------+-------+---------
           D:1 |       0 |      39 |   0.0 |       0 |      16 |   0.0 |  1343
           D:2 |       0 |     146 |   0.0 |       0 |      30 |   0.0 |  1733
           D:3 |       0 |     116 |   0.0 |       0 |      21 |   0.0 |  1482
           D:4 |       0 |     280 |   0.0 |       0 |      25 |   0.0 |  1628
           D:5 |       0 |      47 |   0.0 |       0 |       6 |   0.0 |   803
               +---------+---------+-------+---------+---------+-------+---------
